 Dungeon Crawl Stone Soup version 0.16.1-51-g6203257 (webtiles) character file.

79 Miyamura the Sneak (level 4, -1/28 HPs)
             Began as an Octopode Wizard on July 10, 2015.
             Slain by a goblin
             ... wielding a +0 club
             ... led by Robin
              (5 damage)
             ... on level 2 of the Dungeon.
             The game lasted 00:07:28 (2298 turns).

Miyamura the Sneak (Octopode Wizard)                Turns: 2298, Time: 00:07:28

Health: -1/28      AC:  1    Str:  6    XL:     4   Next: 38%
Magic:  8/9        EV: 12    Int: 21    God:
Gold:   141        SH:  0    Dex: 10    Spells: 4 memorised, 1 level left

rFire  . . .     SeeInvis .     a - +0 short sword
rCold  . . .     Clarity  .     (no shield)
rNeg   . . .     SustAb   .     b - +0 hat
rPois  .         Gourm    .     h - amulet of rage
rElec  .         Spirit   .     (no ring)
rCorr  .         Warding  .     (no ring)
rMut   .         Stasis   .     (no ring)
MR     .....                    (no ring)
Stlth  +++.......               (no ring)
                                (no ring)
                                (no ring)
                                (no ring)

@: not resistant to hostile enchantments, fairly stealthy
A: almost no armour, amphibious, 8 rings, constrict 8, camouflage 1, gelatinous
body 1
a: Evoke Berserk Rage


You were on level 2 of the Dungeon.
You were not hungry.

You visited 1 branch of the dungeon, and saw 2 of its levels.

You collected 141 gold pieces.

Inventory:

Hand weapons
 a - a +0 short sword (weapon)
Missiles
 e - 15 poisoned needles
Armour
 b - a +0 hat (worn)
Jewellery
 h - an amulet of rage (around mantle)
Scrolls
 g - a scroll of fog
 k - a scroll of magic mapping
Potions
 f - a potion of might
 i - a potion of restore abilities {unknown}
Books
 c - a book of Minor Magic

   Spells                             Type                      Level
   a - Magic Dart                     Conjuration                  1
   b - Blink                          Translocation                2
   c - Call Imp                       Summoning                    2
   d - Repel Missiles                 Charms/Air                   2
   e - Slow                           Hexes                        2
   f - Conjure Flame                  Conjuration/Fire             3
   g - Mephitic Cloud                 Conjuration/Poison/Air       3
Comestibles
 d - a bread ration
 j - a chunk of flesh


   Skills:
 - Level 1.1 Fighting
 + Level 2.6 Dodging
 + Level 3.4 Stealth
 + Level 3.1 Spellcasting
 + Level 2.0 Conjurations
 - Level 1.0 Summonings
 - Level 1.0 Translocations
 + Level 1.1 Air Magic
 + Level 1.0 Poison Magic


You had one spell level left.
You knew the following spells:

 Your Spells              Type           Power        Failure   Level  Hunger
b - Blink                 Tloc           N/A          14%         2    ##.....
c - Call Imp              Summ           #.......     14%         2    ##.....
d - Magic Dart            Conj           ##..         8%          1    None
m - Mephitic Cloud        Conj/Pois/Air  #.......     24%         3    ###....


Dungeon Overview and Level Annotations

Branches:
Dungeon (2/15)

Altars:

Annotations:
D:2 Robin


Innate Abilities, Weirdness & Mutations

You cannot wear most types of armour.
You are amphibious.
You can wear up to eight rings at the same time.
You can use your tentacles to constrict many enemies at once.
Your skin changes colour to match your surroundings (Stealth).
Your rubbery body absorbs attacks (AC +1).


Message History

The hobgoblin shouts!
A hobgoblin comes into view.
You hear a shout!
Robin throws the goblin at you!
* * * LOW HITPOINT WARNING * * *
A goblin comes into view.
Casting: Blink
Confirm with . or Enter, or press ? or * to list all spells.
You blink.
The hobgoblin hits you.
* * * LOW HITPOINT WARNING * * *
The hobgoblin completely misses you. The goblin closely misses you.
A goblin comes into view. It is wielding a dagger.
The goblin shouts!
The goblin barely misses you.
The goblin shouts!
You hear a shout!
You hear a shout!
There is a stone staircase leading up here.
There is a stone staircase leading up here.
The goblin hits you with a club.
You die...

### ##...##
#.###.############
#@#..............#
########g#.#.##########.#
#.......g...## #.#
#.###g#g##### #.#
##<.#....... . #.#
#.g....## .##. #.#
##.g##.# ...#. #.# #.#
#.g# ... ....## #.# #.#
#..# #### ....### #.#


You could see 3 goblins.

Vanquished Creatures
  An adder (D:2)
  2 ball pythons
  A hobgoblin (D:1)
  8 jackals (D:1)
  5 kobolds
  6 bats
  4 giant cockroaches (D:1)
  A giant newt (D:2)
  2 goblins
  3 rats (D:2)
33 creatures vanquished.

Vanquished Creatures (collateral kills)
  2 orc wizards (D:1)
  2 adders (D:2)
  2 orcs (D:1)
6 creatures vanquished.

Vanquished Creatures (others)
  A crimson imp (D:2)
  A white imp (D:2)
2 creatures vanquished.

Grand Total: 41 creatures vanquished

Notes
Turn   | Place    | Note
--------------------------------------------------------------
     0 | D:1      | Miyamura, the Octopode Wizard, began the quest for the Orb.
     0 | D:1      | Reached XP level 1. HP: 11/11 MP: 4/4
   277 | D:1      | Learned a level 1 spell: Magic Dart
   547 | D:1      | Reached XP level 2. HP: 10/18 MP: 6/6
   652 | D:1      | Learned a level 2 spell: Blink
   749 | D:1      | Reached skill level 1 in Fighting
  1199 | D:1      | Reached XP level 3. HP: 5/23 MP: 7/7
  1519 | D:1      | Learned a level 2 spell: Call Imp
  1523 | D:1      | Learned a level 3 spell: Mephitic Cloud
  1870 | D:2      | Reached XP level 4. HP: 28/28 MP: 9/9
  1957 | D:2      | Reached skill level 1 in Air Magic
  2047 | D:2      | Reached skill level 1 in Poison Magic
  2241 | D:2      | Noticed Robin
  2260 | D:2      | HP: 1/28 [hobgoblin (3)]
  2298 | D:2      | Slain by a goblin

Action                   |  1- 3 |  4- 6 || total
-------------------------+-------+-------++-------
Melee: Short sword       |    91 |    19 ||   110
       Unarmed           |     2 |       ||     2
 Cast: Magic Dart        |     6 |       ||     6
       Call Imp          |     5 |     7 ||    12
       Blink             |       |     3 ||     3
       Mephitic Cloud    |       |     1 ||     1
  Use: Scroll            |     3 |     2 ||     5
       Potion            |     2 |       ||     2
 Stab: Sleeping          |     5 |     2 ||     7
  Eat: Chunk             |     3 |     2 ||     5
